AoeStats
← Totis

Arabia

503625149Analyzed
1v1 RM · 1mo ago on Sep 1, 2026· 29m 50s· 2 players
Game mode
Random Map
Map size
Tiny (2 player)
Population
200
Speed
Normal
Resources
Standard
Victory
Conquest
Starting age
Dark Age
Ending age
Imperial Age
RankedLock teamsTeams togetherTeam positionsShared explorationLock speedFull tech treeHidden civsTurbo modeCheats
Victory
Defeat
🇬🇷 Bohemians · Greece
1363
+15
🇷🇺 Bohemians · Russia
1332
-15
Kingsglory
8:22 Loom
10:42 Feudal Age
15:41 Castle Age
24:44 Double-Bit Axe
Totis
7:12 Loom
9:24 Feudal Age
10:06 Double-Bit Axe
12:04 Man-at-Arms
13:31 Arson
15:36 Forging
17:34 Wheelbarrow
17:57 Scale Mail Armor
23:32 Castle Age
22:14 Horse Collar
24:13 Squires
23:34 Long Swordsman
24:51 Iron Casting
24:49 Bow Saw
25:36 Chain Mail Armor
27:14 Hand Cart
27:39 Heavy Plow
29:11 Hand Cart
30:00 Chemistry
Connection lost

Rejoining the realm…

Still unreachable

The connection could not be restored.

Session expired

The server has moved on; the page needs a fresh start.